 Dungeon Crawl Stone Soup version 0.30-a0-428-g5d0fae5 (webtiles) character file.

Game seed: 1695283051323142381

18 Illumine the Shield-Bearer (level 3, 0/31 HPs)
             Began as a Meteoran Fighter on Dec 9, 2022.
             Slain by a worm (7 damage)
             ... on level 2 of the Dungeon.
             The game lasted 00:01:12 (242 turns).

Illumine the Shield-Bearer (Meteoran Fighter)        Turns: 242, Time: 00:01:13

Health: 0/31       AC:  7    Str: 19    XL:     3   Next: 5%
Magic:  4/4        EV:  9    Int: 10    God:
Gold:   44         SH:  5    Dex: 13    Spells: 2/2 levels left

rFire   . . .      SeeInvis .    a - +0 war axe
rCold   . . .      Faith    .    c - +0 buckler
rNeg    . . .      Spirit   .    b - +0 scale mail
rPois   .          Reflect  .    (no helmet)
rElec   .          Harm     .    (no cloak)
rCorr   .          Rampage  .    (no gloves)
Will    .....                    (no boots)
Stlth   ..........               (no amulet)
HPRegen 0.25/turn                (no ring)
MPRegen 0.09/turn                (no ring)

@: glowing
A: sense surroundings 1, otherworldly, glowing, explore regen
a: no special abilities


You were on level 2 of the Dungeon.
You visited 1 branch of the dungeon, and saw 2 of its levels.

You collected 44 gold pieces.

Inventory:

Hand Weapons
 a - a +0 war axe (weapon)
Armour
 b - a +0 scale mail (worn)
 c - a +0 buckler (worn)
Scrolls
 f - a scroll of identify {unknown}
 g - a scroll of torment {unknown}
 h - a scroll of poison {unknown}
Potions
 d - a potion of might
 e - a potion of flight {unknown}


   Skills:
 + Level 3.5 Fighting
 * Level 3.0 Axes
 + Level 3.8 Armour
 + Level 3.9 Shields


You had 2 spell levels left.
You didn't know any spells.
Your spell library was empty.

Dungeon Overview and Level Annotations

Branches:
Dungeon (2/15) Zot: 936

Altars:


Innate Abilities, Weirdness & Mutations

You passively map a small area around you.
You are easily found by Zot.
You glow in the dark.
You regain HP and MP as you explore.


Message History

A rat comes into view.
Found a scale mail.
The bat hits you.
You hit the bat but do no damage. You block the bat's attack.
The bat hits you but does no damage. You block the bat's attack.
You hit the worm.
The worm is lightly wounded.
You hit the bat but do no damage. The bat hits you.
You block the worm's attack. You block the bat's attack.
You hit the worm.
The worm is moderately wounded.
You barely miss the bat. The bat barely misses you. The worm bites you.
You hit the worm but do no damage.
The worm is moderately wounded.
You miss the bat. The bat hits you but does no damage. The bat hits you.
The worm bites you!
You barely miss the worm.
The worm is lightly wounded.
You closely miss the bat. You closely miss the rat.
The bat barely misses you. x2
The rat bites you but does no damage. You block the rat's attack.
The worm barely misses you.
You hit the worm.
The worm is moderately wounded.
You closely miss the bat. You closely miss the rat. You block the bat's attack.
The bat misses you. The rat bites you but does no damage.
You hit the worm.
The worm is heavily wounded.
You hit the bat.
You kill the bat!
You hit the rat.
You kill the rat!
The worm bites you!
* * * LOW HITPOINT WARNING * * *
You have reached level 3!
Your experience leads to an increase in your attributes!
Increase (S)trength, (I)ntelligence, or (D)exterity?
You feel stronger. x2; You feel clever.
You hit the worm but do no damage.
The worm is heavily wounded.
The worm bites you!
You die...

, ###.###.#....##. *
* , #.##..##* ##.
#.##..# ,# , ,
,##...##.##..# .# ,,
............#
#.##,#* * *
##...##.<..###...#.#
##.* #.....#......#
* #,
##.#....†.....#*
*,........@w.$...[ *
###.##...†.....# ,
.......#......#*
##########...... * ,
#.#..., ##,.. * #*


You could see a worm.

Vanquished Creatures
  A dart slug (D:2)
  2 endoplasms (D:2)
  A goblin (D:1)
  2 hobgoblins
  A quokka (D:1)
  2 bats
  2 frilled lizards (D:1)
  2 kobolds (D:1)
  3 rats
16 creatures vanquished.

Notes
Turn   | Place    | Note
-------+----------+-------------------------------------------
     0 | D:1      | Illumine the Meteoran Fighter began the quest for the Orb.
     0 | D:1      | Reached XP level 1. HP: 19/19 MP: 2/2
    88 | D:1      | Reached XP level 2. HP: 26/26 MP: 3/3
   242 | D:2      | Reached XP level 3. HP: 7/31 MP: 4/4
   242 | D:2      | Slain by a worm

Illustrated notes

Levels and vault maps discovered:
D:1:      shiori_arrival_oz, layout_basic
D:2:      kennysheep_six_static_rooms, layout_loops_ring,
          shapermc_ecumenical_altar_pompeii, minmay_heptomino_h4

Skill      XL: |  1  2 |
---------------+-------+-----
Axes           | 3 |  3.0
Fighting       | |  3.5
Armour         | |  3.8
Shields        | |  3.9

Action                   || total
-------------------------++-------
Melee: War axe           ||    50
Armor: Scale mail        ||    24
Dodge: Dodged            ||    21
Block: Buckler           ||    13

Table legend: (Time is in decaauts)
 A = Elapsed time spent in this place.
 B = Non-inter-level travel time spent in this place.
 C = Inter-level travel time spent in this place.
 D = Time resting spent in this place.
 E = Time spent auto-exploring this place.
 F = Levels seen in this place.
 G = Mean time per level.
                   A        B        C        D        E       F      G
               +--------+--------+--------+--------+--------+-----+--------+
         Total |    261 |    261 |      0 |      0 |     32 |   2 |  130.5 |
       Dungeon |    261 |    261 |      0 |      0 |     32 |   2 |  130.5 |
               +--------+--------+--------+--------+--------+-----+--------+

Top non-repeatable levels by time:
     D:1: 168 daAuts
     D:2: 93 daAuts
